TOP OF THE 1ST |
New Amsterdam Republics batting - Pitching for Grafton Middies : RHP Austin Abbott
|
Pitching: RHP Austin Abbott
|
|
Batting: RHB António Pérez
|
0-0: Ball 1-0: DOUBLE (Line Drive, 7LM)
|
Batting: RHB Ronald Shelton
|
0-0: Ball 1-0: Foul Ball, location: 2F 1-1: Swinging Strike 1-2: Fly out, F8 (Line Drive, 8LM)
|
Batting: RHB Júlio Maldonado
|
0-0: Swinging Strike 0-1: Ground out 6-3 (Groundball, 6) António Pérez to third
|
Batting: RHB Hank Wilder
|
0-0: Ball 1-0: Foul Ball, location: 2F 1-1: Ball 2-1: Foul Ball, location: 2F 2-2: Ball 3-2: Foul Ball, location: 2F 3-2: Ground out 6-3 (Groundball, 6)
|
Top of the 1st over - 0 run(s), 1 hit(s), 0 error(s), 1 left on base; New Amsterdam 0 - Grafton 0 |
BOTTOM OF THE 1ST |
Grafton Middies batting - Pitching for New Amsterdam Republics : RHP Nathaniel Riley
|
Pitching: RHP Nathaniel Riley
|
|
Batting: RHB José Peña
|
0-0: Called Strike 0-1: Swinging Strike 0-2: Foul Ball, location: 2F 0-2: Strikes out swinging
|
Batting: RHB Wes Bradley
|
0-0: Foul Ball, location: 2F 0-1: Ball 1-1: Called Strike 1-2: Fly out, F4 (Popup, 3)
|
Batting: RHB Raúl Robles
|
0-0: Ball 1-0: Ball 2-0: Foul Ball, location: 2F 2-1: Foul Ball, location: 2F 2-2: Ground out 5-3 (Groundball, 5S)
|
Bottom of the 1st over - 0 run(s), 0 hit(s), 0 error(s), 0 left on base; New Amsterdam 0 - Grafton 0 |
TOP OF THE 2ND |
New Amsterdam Republics batting - Pitching for Grafton Middies : RHP Austin Abbott
|
Batting: RHB Carlos Ortega
|
0-0: Ball 1-0: Foul Ball, location: 2F 1-1: Called Strike 1-2: Ball 2-2: Ball 3-2: Base on Balls
|
Batting: LHB Steve Ingram
|
0-0: Foul Ball, location: 2F 0-1: Ball 1-1: Foul Ball, location: 2F 1-2: 2-RUN HOME RUN (Flyball, 9LD), Distance : 352 ft
|
Batting: RHB Bryan Manning
|
0-0: Ball 1-0: Ball 2-0: Ball 3-0: Base on Balls
|
Batting: LHB Félix López
|
0-0: Called Strike 0-1: Ball 1-1: Swinging Strike 1-2: Fly out, F8 (Flyball, 8LM)
|
Batting: RHB Tim Robinson
|
0-0: Foul Ball, location: 2F 0-1: Hit by Pitch Bryan Manning to second
|
Batting: RHB António Pérez
|
0-0: Ball 1-0: Ground out 3-1 (Groundball, 34) Bryan Manning to third Tim Robinson to second
|
Batting: RHB Ronald Shelton
|
0-0: Foul Ball, location: 2F 0-1: Called Strike 0-2: Ball 1-2: Foul Ball, location: 2F 1-2: Strikes out looking
|
Top of the 2nd over - 2 run(s), 1 hit(s), 0 error(s), 2 left on base; New Amsterdam 2 - Grafton 0 |
BOTTOM OF THE 2ND |
Grafton Middies batting - Pitching for New Amsterdam Republics : RHP Nathaniel Riley
|
Batting: RHB Bill Stewart
|
0-0: Ground out 6-3 (Groundball, 6)
|
Batting: RHB Brady Ferris
|
0-0: Called Strike 0-1: DOUBLE (Flyball, 89D)
|
Batting: RHB Mark Davis
|
0-0: Ball Brady Ferris steals 3rd base 1-0: Foul Ball, location: 2F 1-1: Called Strike 1-2: Strikes out swinging
|
Batting: RHB Nathan Boswell
|
0-0: Ball 1-0: Called Strike 1-1: Foul Ball, location: 2F 1-2: Ball 2-2: Strikes out swinging
|
Bottom of the 2nd over - 0 run(s), 1 hit(s), 0 error(s), 1 left on base; New Amsterdam 2 - Grafton 0 |
TOP OF THE 3RD |
New Amsterdam Republics batting - Pitching for Grafton Middies : RHP Austin Abbott
|
Batting: RHB Júlio Maldonado
|
0-0: Ball 1-0: Ball 2-0: Foul Ball, location: 2F 2-1: Ground out 6-3 (Groundball, 56)
|
Batting: RHB Hank Wilder
|
0-0: Ball 1-0: Ball 2-0: Ball 3-0: Called Strike 3-1: Foul Ball, location: 2F 3-2: Foul Ball, location: 2F 3-2: Foul Ball, location: 2F 3-2: Base on Balls
|
Batting: RHB Carlos Ortega
|
0-0: Ball 1-0: Ball 2-0: Foul Ball, location: 2F 2-1: Foul Ball, location: 2F 2-2: Ball 3-2: Foul Ball, location: 2F 3-2: Base on Balls Hank Wilder to second
|
Batting: LHB Steve Ingram
|
0-0: Ball 1-0: Ball 2-0: Ball 3-0: Base on Balls Hank Wilder to third Carlos Ortega to second
|
Batting: RHB Bryan Manning
|
0-0: Ball 1-0: SINGLE (Groundball, 56D) Hank Wilder scores Carlos Ortega to third Steve Ingram to second
|
Batting: LHB Félix López
|
0-0: Ball 1-0: Fly out, F7 (Flyball, 7M) Runner from 3rd tags up, OUT at HOME
|
Top of the 3rd over - 1 run(s), 1 hit(s), 0 error(s), 2 left on base; New Amsterdam 3 - Grafton 0 |
BOTTOM OF THE 3RD |
Grafton Middies batting - Pitching for New Amsterdam Republics : RHP Nathaniel Riley
|
Batting: RHB Danny Hall
|
0-0: Ball 1-0: Foul Ball, location: 2F 1-1: Ground out 5-3 (Groundball, 5S)
|
Batting: RHB Nam-sup Yi
|
0-0: Called Strike 0-1: Called Strike 0-2: Ball 1-2: Foul Ball, location: 2F 1-2: Foul Ball, location: 2F 1-2: Ball 2-2: Foul Ball, location: 2F 2-2: Ground out 6-3 (Groundball, 56)
|
Batting: RHB José Peña
|
0-0: Ball 1-0: Foul Ball, location: 2F 1-1: Foul Ball, location: 2F 1-2: Foul Ball, location: 2F 1-2: Fly out, F5 (Popup, 5F)
|
Bottom of the 3rd over - 0 run(s), 0 hit(s), 0 error(s), 0 left on base; New Amsterdam 3 - Grafton 0 |
TOP OF THE 4TH |
New Amsterdam Republics batting - Pitching for Grafton Middies : RHP Austin Abbott
|
Batting: RHB Tim Robinson
|
0-0: Swinging Strike 0-1: Foul Ball, location: 2F 0-2: Strikes out swinging
|
Batting: RHB António Pérez
|
0-0: Ball 1-0: Called Strike 1-1: Fly out, F7 (Flyball, 78D)
|
Batting: RHB Ronald Shelton
|
0-0: Ball 1-0: Swinging Strike 1-1: Foul Ball, location: 2F 1-2: Fly out, F8 (Line Drive, 8LM)
|
Top of the 4th over - 0 run(s), 0 hit(s), 0 error(s), 0 left on base; New Amsterdam 3 - Grafton 0 |
BOTTOM OF THE 4TH |
Grafton Middies batting - Pitching for New Amsterdam Republics : RHP Nathaniel Riley
|
Batting: RHB Wes Bradley
|
0-0: SINGLE (Groundball, 56D)
|
Batting: RHB Raúl Robles
|
0-0: Ball 1-0: Ball 2-0: Fly out, F6 (Popup, 5F)
|
Batting: RHB Bill Stewart
|
0-0: Called Strike 0-1: Foul Ball, location: 2F 0-2: Ball 1-2: Strikes out swinging
|
Batting: RHB Brady Ferris
|
0-0: Ball 1-0: Ground out 5-3 (Groundball, 56)
|
Bottom of the 4th over - 0 run(s), 1 hit(s), 0 error(s), 1 left on base; New Amsterdam 3 - Grafton 0 |
TOP OF THE 5TH |
New Amsterdam Republics batting - Pitching for Grafton Middies : RHP Austin Abbott
|
Batting: RHB Júlio Maldonado
|
0-0: Ground out 6-3 (Groundball, 6)
|
Batting: RHB Hank Wilder
|
0-0: Ball 1-0: Foul Ball, location: 2F 1-1: Foul Ball, location: 2F 1-2: Foul Ball, location: 2F 1-2: Strikes out swinging
|
Batting: RHB Carlos Ortega
|
0-0: Ground out U3 (Groundball, 3S)
|
Top of the 5th over - 0 run(s), 0 hit(s), 0 error(s), 0 left on base; New Amsterdam 3 - Grafton 0 |
BOTTOM OF THE 5TH |
Grafton Middies batting - Pitching for New Amsterdam Republics : RHP Nathaniel Riley
|
Batting: RHB Mark Davis
|
0-0: Called Strike 0-1: Foul Ball, location: 2F 0-2: Foul Ball, location: 2F 0-2: Ball 1-2: Ball 2-2: Strikes out looking
|
Batting: RHB Nathan Boswell
|
0-0: Ball 1-0: Ground out 5-3 (Groundball, 5S)
|
Batting: RHB Danny Hall
|
0-0: Called Strike 0-1: Ball 1-1: Swinging Strike 1-2: Foul Ball, location: 2F 1-2: Strikes out swinging
|
Bottom of the 5th over - 0 run(s), 0 hit(s), 0 error(s), 0 left on base; New Amsterdam 3 - Grafton 0 |
TOP OF THE 6TH |
New Amsterdam Republics batting - Pitching for Grafton Middies : RHP Austin Abbott
|
Batting: LHB Steve Ingram
|
0-0: Ball 1-0: Called Strike 1-1: Ball 2-1: Ball 3-1: Swinging Strike 3-2: Foul Ball, location: 2F 3-2: Ground out 3-1 (Groundball, 34)
|
Batting: RHB Bryan Manning
|
0-0: Fly out, F5 (Popup, 15)
|
Batting: LHB Félix López
|
0-0: Ball 1-0: Called Strike 1-1: Called Strike 1-2: Ball 2-2: Ground out U3 (Groundball, 3S)
|
Top of the 6th over - 0 run(s), 0 hit(s), 0 error(s), 0 left on base; New Amsterdam 3 - Grafton 0 |
BOTTOM OF THE 6TH |
Grafton Middies batting - Pitching for New Amsterdam Republics : RHP Nathaniel Riley
|
Batting: RHB Nam-sup Yi
|
0-0: Called Strike 0-1: SINGLE (Line Drive, 56)
|
Batting: RHB José Peña
|
0-0: Ball 1-0: Foul Ball, location: 2F 1-1: SINGLE (Groundball, 56D) Nam-sup Yi to second
|
Batting: RHB Wes Bradley
|
0-0: Ground out 2-3 (Groundball, 23) Nam-sup Yi to third José Peña to second
|
Batting: RHB Raúl Robles
|
0-0: Called Strike 0-1: Swinging Strike 0-2: Foul Ball, location: 2F 0-2: Ball 1-2: Foul Ball, location: 2F 1-2: Ball 2-2: Ball 3-2: Strikes out swinging
|
Batting: RHB Bill Stewart
|
0-0: Called Strike 0-1: Called Strike 0-2: Ball 1-2: Foul Ball, location: 2F 1-2: Strikes out swinging
|
Bottom of the 6th over - 0 run(s), 2 hit(s), 0 error(s), 2 left on base; New Amsterdam 3 - Grafton 0 |
TOP OF THE 7TH |
New Amsterdam Republics batting - Pitching for Grafton Middies : RHP Austin Abbott
|
Batting: RHB Tim Robinson
|
0-0: Called Strike 0-1: SINGLE (Line Drive, 4MD)
|
Pitching: RHP Bill Ball
|
|
Batting: RHB António Pérez
|
0-0: Foul Ball, location: 2F 0-1: Swinging Strike 0-2: Strikes out swinging
|
Batting: RHB Ronald Shelton
|
0-0: Called Strike 0-1: Swinging Strike 0-2: Strikes out looking
|
Batting: RHB Júlio Maldonado
|
0-0: Called Strike 0-1: Fly out, F5 (Popup, 5F)
|
Top of the 7th over - 0 run(s), 1 hit(s), 0 error(s), 1 left on base; New Amsterdam 3 - Grafton 0 |
BOTTOM OF THE 7TH |
Grafton Middies batting - Pitching for New Amsterdam Republics : RHP Nathaniel Riley
|
Batting: RHB Brady Ferris
|
0-0: Ball 1-0: Ball 2-0: Called Strike 2-1: Foul Ball, location: 2F 2-2: Ground out 5-3 (Groundball, 5)
|
Batting: RHB Mark Davis
|
0-0: Ball 1-0: Ball 2-0: Foul Ball, location: 2F 2-1: Called Strike 2-2: Ball 3-2: Base on Balls
|
Batting: RHB Nathan Boswell
|
0-0: Ball 1-0: Fly out, F9 (Flyball, 9M)
|
Batting: RHB Danny Hall
|
0-0: Called Strike 0-1: Ball 1-1: Swinging Strike 1-2: Strikes out swinging
|
Bottom of the 7th over - 0 run(s), 0 hit(s), 0 error(s), 1 left on base; New Amsterdam 3 - Grafton 0 |
TOP OF THE 8TH |
New Amsterdam Republics batting - Pitching for Grafton Middies : RHP Bill Ball
|
Batting: RHB Hank Wilder
|
0-0: Ball 1-0: Ball 2-0: Called Strike 2-1: Swinging Strike 2-2: Strikes out looking
|
Batting: RHB Carlos Ortega
|
0-0: Ball 1-0: Swinging Strike 1-1: Foul Ball, location: 2F 1-2: Ball 2-2: Ball 3-2: Strikes out swinging
|
Batting: LHB Steve Ingram
|
0-0: Swinging Strike 0-1: Foul Ball, location: 2F 0-2: Ball 1-2: Strikes out swinging
|
Top of the 8th over - 0 run(s), 0 hit(s), 0 error(s), 0 left on base; New Amsterdam 3 - Grafton 0 |
BOTTOM OF THE 8TH |
Grafton Middies batting - Pitching for New Amsterdam Republics : RHP Nathaniel Riley
|
Batting: RHB Nam-sup Yi
|
0-0: Fly out, F8 (Flyball, 78S)
|
Batting: RHB José Peña
|
0-0: Called Strike 0-1: Called Strike 0-2: Ball 1-2: Strikes out swinging
|
Batting: RHB Wes Bradley
|
0-0: Foul Ball, location: 2F 0-1: Called Strike 0-2: Ball 1-2: Ball 2-2: Ground out 6-3 (Groundball, 6M)
|
Bottom of the 8th over - 0 run(s), 0 hit(s), 0 error(s), 0 left on base; New Amsterdam 3 - Grafton 0 |
TOP OF THE 9TH |
New Amsterdam Republics batting - Pitching for Grafton Middies : RHP Bill Ball
|
Batting: RHB Bryan Manning
|
0-0: Ball 1-0: Ground out 5-3 (Groundball, 5)
|
Batting: LHB Félix López
|
0-0: Called Strike 0-1: Fly out, F8 (Flyball, 8RD)
|
Batting: RHB Tim Robinson
|
0-0: SINGLE (Line Drive, 7S)
|
Batting: RHB António Pérez
|
0-0: Called Strike 0-1: Foul Ball, location: 2F 0-2: Ground out 5-3 (Groundball, 56S)
|
Top of the 9th over - 0 run(s), 1 hit(s), 0 error(s), 1 left on base; New Amsterdam 3 - Grafton 0 |
BOTTOM OF THE 9TH |
Grafton Middies batting - Pitching for New Amsterdam Republics : RHP Nathaniel Riley
|
Batting: RHB Raúl Robles
|
0-0: Called Strike 0-1: Ball 1-1: Ground out 4-3 (Groundball, 4M)
|
Batting: RHB Bill Stewart
|
0-0: Ball 1-0: Called Strike 1-1: SINGLE (Line Drive, 56D)
|
Pitching: RHP Gavin Blackburn
|
|
Batting: RHB Brady Ferris
|
0-0: SINGLE (Flyball, 78S) Bill Stewart to second
|
Batting: RHB Mark Davis
|
0-0: Ball 1-0: Grounds into double play, 5-4-3 (Groundball, 56)
|
Bottom of the 9th over - 0 run(s), 2 hit(s), 0 error(s), 1 left on base; New Amsterdam 3 - Grafton 0 |
|